 Dungeon Crawl Stone Soup version 0.31-a0-1611-g890cdf5 (webtiles) character file.

Game seed: 3053904944813891129

177 PidgeyThePirate the Ruffian (level 5, 0/41 HPs)
             Began as a Demonspawn Chaos Knight on Jan 8, 2024.
             Was a Plaything of Xom.
             Slain by an orc
             ... wielding a +0 hand axe
              (6 damage)
             ... on level 3 of the Dungeon.
             The game lasted 00:05:25 (3219 turns).

PidgeyThePirate the Ruffian (DsCK)                  Turns: 3219, Time: 00:05:26

Health: 0/41       AC: 11    Str: 14    XL:     5   Next: 31%
Magic:  5/5        EV:  8    Int: 13    God:    Xom [..*...]
Gold:   138        SH:  0    Dex: 12    Spells: 4/4 levels left

rFire   . .          .
                       - Unarmed
rCold   . . .        (no shield)
rNeg    . . .        m - +0 chain mail
rPois   .            l - +1 hat
rElec   .            (no cloak)
rCorr   .            (no gloves)
SInv    .            (no boots)
Will    .....        (no amulet) Stlth
                     (no ring)
HPRegen 0.26/turn    (no ring)
MPRegen 0.09/turn

%: no passive effects
@: no status effects
A: claws 1, thin metallic scales 1, inability to read after injury 1, sturdy
frame 1
a: Renounce Religion


You were on level 3 of the Dungeon.
You worshipped Xom.
You were a toy of Xom.
You visited 1 branch of the dungeon, and saw 3 of its levels.

You collected 138 gold pieces.

Inventory:

Hand Weapons
 a - a +0 hand axe of chaos
Armour
 b - a +2 leather armour
 l - a +1 hat (worn)
 m - a +0 chain mail (worn)
Wands
 o - a wand of paralysis (10)
Scrolls
 c - a scroll of butterflies
 e - 7 scrolls of identify {unknown}
 f - a scroll of blinking {unknown}
 h - a scroll of amnesia {unknown}
 j - a scroll of enchant weapon {unknown}
 n - a scroll of noise {unknown}
Potions
 d - a potion of curing
 k - a potion of cancellation


   Skills:
 + Level 3.3 Fighting
 + Level 3.1 Axes
 + Level 2.3 Armour
 + Level 1.4 Dodging
 + Level 0.2 Stealth
 * Level 3.5 Unarmed Combat


You had 4 spell levels left.
You didn't know any spells.
Your spell library was empty.

Dungeon Overview and Level Annotations

Branches:
Dungeon (3/15)

Altars:

Shops:
D:1 [   D:2 (

Annotations:
D:3 2 transporters, Dorkslayer's ghost, weakling DsFi


Innate Abilities, Weirdness & Mutations

You have sharp fingernails.
You are partially covered in thin metallic scales. (AC +2)
You occasionally lose the ability to read scrolls when taking damage.
Your movements are slightly less encumbered by armour. (ER -2)


Message History

The orc priest invokes the aid of Beogh against you.
Beogh smites you!
You closely miss the orc. The orc hits you but does no damage.
You scratch the orc but do no damage.
The orc priest hits you but does no damage.
The orc hits you but does no damage.
You scratch the orc.
The orc is lightly wounded.
The orc priest barely misses you. The orc hits you with a +0 hand axe.
You barely miss the orc priest.
An orc comes into view. It is wielding a +0 club.
The orc hits you with a +0 hand axe. The orc priest barely misses you.
You scratch the orc priest. You claw the orc priest.
The orc priest is heavily wounded.
The orc misses you.
You scratch the orc but do no damage. The orc hits you but does no damage.
You claw the orc!
You kill the orc!
The orc hits you but does no damage.
You closely miss the orc priest.
The orc priest is moderately wounded.
You scratch the orc priest.
The orc priest is severely wounded.
The orc priest hits you but does no damage.
The orc barely misses you.
The orc shouts!
You scratch the orc priest but do no damage.
The orc priest is severely wounded.
The orc priest barely misses you. The orc hits you with a +0 hand axe.
You closely miss the orc priest.
The orc priest is severely wounded.
The orc priest invokes the aid of Beogh against you.
Beogh smites you!
* * * LOW HITPOINT WARNING * * *
You barely miss the orc priest.
The orc priest is severely wounded.
The orc priest hits you with a +0 short sword.
* * * LOW HITPOINT WARNING * * *
The orc hits you with a +0 hand axe.
You die...

#.....#....Z......#...# #.#
#..#..#...........#..##
###.#
#..#..#############..#
#...#
#..#.................#
#.###
#.>#.................# #.#
.....#####...####.##.# #.#
#..#.# #.........# #.#
#..#.#####.#..##o..######.#
#..........#...o@.........#
).##.##.####..##o..########
####.##.####.)###.##
###...#...........#
....#..#####..#####
###....#####..#
.....#........#
.....#######.##
.....#######.#


You could see an orc priest and 2 orcs.

Vanquished Creatures
  A bombardier beetle (D:3)
  2 orc wizards (D:3)
  3 adders
  2 ribbon worms (D:2)
  8 orcs
  2 bats (D:2)
  An endoplasm (D:2)
  5 goblins
  6 hobgoblins
  5 jackals
  5 kobolds
  4 quokkas
  3 ball pythons
  2 frilled lizards
  2 rats
51 creatures vanquished.

Notes
Turn   | Place    | Note
-------+----------+-------------------------------------------
     0 | D:1      | PidgeyThePirate the Demonspawn Chaos Knight began the quest
                  | for the Orb.
     0 | D:1      | Reached XP level 1. HP: 18/18 MP: 1/1
    92 | D:1      | Reached skill level 1 in Dodging
   120 | D:1      | XOM: divination: detect items
   128 | D:1      | Found a faded altar of an unknown god.
   241 | D:1      | Found Jajeut's Armour Shoppe.
   428 | D:1      | Gained mutation: You have sharp fingernails. [demonic
                  | ancestry]
   428 | D:1      | Reached XP level 2. HP: 23/24 MP: 2/2
   645 | D:1      | XOM: cloud trail
   766 | D:1      | XOM: silly message
  1023 | D:2      | Found Exoixiw's Weapon Boutique.
  1058 | D:2      | XOM: 1-stop teleportation journey
  1110 | D:2      | XOM: 3-stop teleportation journey
  1270 | D:2      | Reached skill level 1 in Unarmed Combat
  1270 | D:2      | Gained mutation: You are partially covered in thin metallic
                  | scales. (AC +2) [demonic ancestry]
  1270 | D:2      | Reached XP level 3. HP: 11/29 MP: 3/3
  1414 | D:2      | XOM: 4-stop teleportation journey
  1446 | D:2      | XOM: give mutations
  1446 | D:2      | Gained mutation: You occasionally lose the ability to read
                  | scrolls when taking damage. [Xom's mischief]
  1446 | D:2      | Gained mutation: Your movements are slightly less
                  | encumbered by armour. (ER -2) [Xom's mischief]
  1563 | D:2      | XOM: stat loss: -1 Str (13/14)
  1741 | D:2      | XOM: 9-stop teleportation journey
  2166 | D:3      | Found a transporter.
  2168 | D:3      | Noticed Dorkslayer's ghost (weakling DsFi)
  2222 | D:3      | Reached XP level 4. HP: 34/35 MP: 4/4
  2466 | D:3      | Paralysed by an orc for 2 turns
  2548 | D:3      | XOM: divination: magic mapping
  2635 | D:3      | Found a transporter.
  2656 | D:3      | XOM: smoke on damage
  2679 | D:2      | HP: 1/35 [orc/+0 falchion (6)]
  2681 | D:2      | Reached XP level 5. HP: 1/41 MP: 5/5
  2806 | D:2      | XOM: divination: detect creatures
  3219 | D:3      | Slain by an orc

Illustrated notes

Levels and vault maps discovered:
D:1:      spicycebolla_arrival_xxxplode, layout_basic,
          ebering_ecumenical_altar_webs, serial_shops, shop, skrybe_limestone_x,
          minmay_misc_feat_secret_circle
D:2:      layout_loops_corners, serial_shops, shop
D:3:      layout_loops_ring, gammafunk_ghost_mausoleum

Skill      XL: |  1  2  3  4 |
---------------+-------------+-----
Dodging        | 1 |  1.4
Axes           | 3 |  3.1
Unarmed Combat | 1 3 |  3.5
Armour         | 2 |  2.3
Fighting       | |  3.3
Stealth        | |  0.2

Action                     |  1- 3 |  4- 6 || total
---------------------------+-------+-------++-------
  Melee: Hand axe          |    23 |       ||    23
         Unarmed           |   183 |    89 ||   272
         Punch             |     2 |     4 ||     6
    Use: Potion            |       |     6 ||     6
 Armour: Leather armour    |    84 |       ||    84
         Chain mail        |    40 |   101 ||   141
  Dodge: Dodged            |   132 |    51 ||   183

Table legend: (Time is in decaauts)
 A = Elapsed time spent in this place.
 B = Non-inter-level travel time spent in this place.
 C = Inter-level travel time spent in this place.
 D = Time resting spent in this place.
 E = Time spent auto-exploring this place.
 F = Levels seen in this place.
 G = Mean time per level.
                   A        B        C        D        E       F      G
               +--------+--------+--------+--------+--------+-----+--------+
         Total |   3222 |   3153 |     69 |      0 |   2449 |   3 | 1074.0 |
       Dungeon |   3222 |   3153 |     69 |      0 |   2449 |   3 | 1074.0 |
               +--------+--------+--------+--------+--------+-----+--------+

Top non-repeatable levels by time:
     D:2: 1583 daAuts
     D:1: 870 daAuts
     D:3: 768 daAuts
